 Dungeon Crawl Stone Soup version 0.32-a0-540-g866d13106e (webtiles) character file.

Game seed: 15121062972791634513

5243 Maxmaps the Slicer (level 10, -9/70 HPs)
             Began as a Demonspawn Monk on Feb 28, 2024.
             Was a High Priest of Cheibriados.
             Mangled by an orc warrior
             ... wielding a +0 long sword
              (12 damage)
             ... on level 9 of the Dungeon.
             The game lasted 00:10:59 (7589 turns).

Maxmaps the Slicer (Demonspawn Monk)                Turns: 7589, Time: 00:11:00

Health: -9/70      AC:  9    Str: 23    XL:     10   Next: 36%
Magic:  0/13       EV: 17    Int: 26    God:    Cheibriados [*****.]
Gold:   463        SH:  0    Dex: 29    Spells: 9/9 levels left

rFire   . . .        h - +3 dagger (venom)
rCold   . . .        c - orb {light}
rNeg    . . .        l - +0 ring mail
rPois   +            (helmet unavailable)
rElec   .            (no cloak)
rCorr   .            (no gloves)
SInv    +            r - +2 pair of boots
Will    .....        (no amulet)
Stlth   +            t - +4 ring of slaying
HPRegen 0.31/turn    q - ring of poison resistance
MPRegen 0.26/turn

%: guardian spirit
@: attractive, glowing, very slow
A: antennae 3, demonic guardian 1, magic shield, magic regeneration
a: Renounce Religion, Bend Time, Temporal Distortion, Slouch, Step From Time


You were on level 9 of the Dungeon.
You worshipped Cheibriados.
Cheibriados was extremely pleased with you.
You visited 2 branches of the dungeon, and saw 10 of its levels.

You collected 463 gold pieces.

Inventory:

Hand Weapons
 h - a +3 dagger of venom (weapon)
Missiles
 n - a throwing net (quivered)
Armour
 c - an orb of light (worn)
 l - a +0 ring mail (worn)
 r - a +2 pair of boots (worn)
Jewellery
 d - a +5 ring of evasion
 g - a +6 ring of intelligence
 j - a ring of protection from cold
 q - a ring of poison resistance (right hand)
 t - a +4 ring of slaying (left hand)
 v - a ring of resist corrosion
Wands
 f - a wand of iceblast (15)
 z - a wand of acid (12)
Scrolls
 a - a scroll of butterflies {unknown}
 b - a scroll of brand weapon
 e - 2 scrolls of enchant weapon
 y - a scroll of noise {unknown}
 A - a scroll of blinking {unknown}
 B - a scroll of vulnerability
 C - a scroll of fog {unknown}
 D - 3 scrolls of amnesia
 E - a scroll of identify
Potions
 i - a potion of degeneration
 k - a potion of enlightenment
 m - a potion of mutation {unknown}
 o - a potion of lignification {unknown}
 s - a potion of might
 u - a potion of attraction
 w - 2 potions of haste
 x - a potion of brilliance {unknown}
 F - a potion of heal wounds {unknown}


   Skills:
 - Level 3.0 Fighting
 - Level 11.2 Short Blades
 - Level 5.0 Armour
 - Level 6.0 Dodging
 - Level 3.8 Unarmed Combat
 + Level 4.3 Invocations


You had 9 spell levels left.
You didn't know any spells.
Your spell library contained the following spells:

 Spells                   Type           Power      Damage    Failure   Level
 Apportation              Tloc           0%         N/A       19%         1
 Jinxbite                 Hex            0%         N/A       28%         2
 Inner Flame              Hex/Fire       0%         N/A       50%         3
 Alistair's Intoxication  Alch           0%         N/A       99%         5
 Irradiate                Conj/Alch      0%         3d11      99%         5
 Ignition                 Fire           0%         3d3       100%        8


Dungeon Overview and Level Annotations

Branches:
Dungeon (9/15)             Temple (1/1) D:4            Lair (0/5) D:8
    Orc: D:9-12

Altars:
Ashenzari
Cheibriados
Dithmenos
Fedhas
Gozag
Hepliaklqana
Kikubaaqudgha
Makhleb
Nemelex Xobeh
Okawaru
Qazlal
Ru
Sif Muna
Trog
Uskayaw
Vehumet
Wu Jian
Xom
Yredelemnul

Shops:
D:5 ?   D:9 [

Annotations:
D:6 2 runed translucent doors
D:8 exclusion: statue


Innate Abilities, Weirdness & Mutations

You have a pair of large antennae on your head. (SInv)
A weak demonic guardian rushes to your aid.
When hurt, damage is shared between your health and your magic reserves.
You regenerate magic rapidly.


Message History

The orc warrior wields a +0 orcbow.
The orc warrior shoots an arrow.
The arrow completely misses you.
You feel attractive to monsters. The orc is attracted toward you.
You are too injured to fight recklessly!
Unknown command.
You hit the orc warrior but do no damage.
The orc warrior is poisoned.
You hit the orc warrior but do no damage.
The orc warrior looks even sicker.
The orc warrior unwields a +0 orcbow.
The orc warrior wields a +0 long sword.
The orc warrior hits you with a +0 long sword!
* * * LOW HITPOINT WARNING * * *
You barely miss the orc warrior.
You hit the orc warrior but do no damage.
The orc warrior looks as sick as possible!
An orc wizard comes into view. It is wielding a +0 dagger.
An orc comes into view. It is wielding a +0 hand axe.
The orc wizard is attracted toward you. Something is attracted toward you.
The orc wizard shouts!
You hit the orc warrior but do no damage.
The orc warrior looks as sick as possible!
The orc warrior is lightly wounded.
The orc warrior is attracted toward you.
The orc wizard is attracted toward you.
You feel better.
The orc wizard mumbles some strange words.
The orc wizard flickers and vanishes for a moment.
The orc warrior hits you with a +0 long sword!
* * * LOW HITPOINT WARNING * * *
A demonic guardian appears!
Unknown command.
You feel better.
The orc warrior hits you with a +2 scimitar of holy wrath!
* * * LOW HITPOINT WARNING * * *
You convulse.
* * * LOW HITPOINT WARNING * * *
The orc warrior hits you with a +0 long sword!
You die...
Cheibriados appreciates the motionlessness of death. o.....##. { {o ....)..o. {{o

.........{{{.{.
...!....# .ß.,
........##{# {{
......)oo{.####
#######o# #...#
#.....#o###...#
#.∩.>.#o@##...#
#.....#..##...#
#######..4....#
.....####..## ##
#########..# .
...........# .#
##########.####.
##...## #.##..
#########.....#
#.##.#


You could see 2 orc warriors, an orc wizard (invisible), an orc and a friendly
rust devil (summoned).

Vanquished Creatures
  Pikel (D:7)
  Sigmund (D:2)
  2 yaks (D:9)
  The ghost of javelincjr the Grasshopper, an amateur DsWr of Beogh (D:4)
  2 steam dragons
  An acid dragon (D:8)
  A water moccasin (D:8)
  3 orc warriors
  A sky beast (D:7)
  4 ice beasts
  3 ogres
  2 centaurs
  A lemure (D:7)
  A phantom (D:4)
  2 kobold brigands (D:8)
  8 bullfrogs
  A gnoll sergeant (D:9)
  5 scorpions
  A bombardier beetle (D:4)
  4 howler monkeys (D:7)
  A bullfrog skeleton (D:4)
  2 gnoll boudas
  4 hounds
  6 orc priests
  A centaur skeleton (D:4)
  A jelly (D:4)
  Jessica (D:2)
  Ijyb (D:5)
  4 iguanas
  3 orc wizards (D:9)
  17 gnolls
  8 adders
  2 shadow imps
  A white imp (D:8)
  4 dart slugs
  11 orcs
  4 bats
  8 endoplasms
  A giant cockroach (D:1)
  3 goblins
  7 hobgoblins
  7 jackals
  16 kobolds
  A quokka (D:1)
  6 ball pythons
  3 frilled lizards
  4 rats
172 creatures vanquished.

Vanquished Creatures (collateral kills)
  Eustachio (D:5)
  A centaur (D:7)
  A gnoll bouda (D:8)
  An iguana (D:5)
  An orc wizard (D:8)
  3 gnolls
  2 orcs (D:9)
  An endoplasm (D:1)
11 creatures vanquished.

Grand Total: 183 creatures vanquished

Notes
Turn   | Place    | Note
-------+----------+-------------------------------------------
     0 | D:1      | Maxmaps the Demonspawn Monk began the quest for the Orb.
     0 | D:1      | Reached XP level 1. HP: 18/18 MP: 1/1
    50 | D:1      | Gained mutation: A weak demonic guardian rushes to your
                  | aid. [demonic ancestry]
    50 | D:1      | Reached XP level 2. HP: 17/24 MP: 2/2
   386 | D:1      | Reached XP level 3. HP: 26/29 MP: 3/3
   674 | D:2      | Reached skill level 1 in Short Blades
   685 | D:2      | Reached skill level 2 in Short Blades
   685 | D:2      | Reached XP level 4. HP: 16/35 MP: 4/4
   780 | D:2      | Noticed Sigmund
   796 | D:2      | Killed Sigmund
   797 | D:2      | Reached skill level 4 in Short Blades
   797 | D:2      | Gained mutation: You regenerate magic rapidly. [demonic
                  | ancestry]
   797 | D:2      | Reached XP level 5. HP: 33/41 MP: 5/5
  1306 | D:2      | Noticed Jessica
  1312 | D:2      | Killed Jessica
  1313 | D:2      | Gained mutation: When hurt, damage is shared between your
                  | health and your magic reserves. [demonic ancestry]
  1313 | D:2      | Reached XP level 6. HP: 46/47 MP: 6/6
  1831 | D:3      | Found an ornate altar of the Wu Jian Council.
  1865 | D:3      | Reached skill level 5 in Short Blades
  2048 | D:3      | Identified the +10 sling of a bailey {speed, Will++ SInv}
  2280 | D:4      | Found a staircase to the Ecumenical Temple.
  2300 | Temple   | Entered the Ecumenical Temple
  2352 | Temple   | Became a worshipper of Cheibriados the Contemplative
  2352 | Temple   | Reached * piety under Cheibriados
  2352 | Temple   | Reached ** piety under Cheibriados
  2509 | D:4      | Found a transporter.
  2540 | D:4      | Reached skill level 6 in Short Blades
  2540 | D:4      | Gained mutation: You have a pair of small antennae on your
                  | head. [demonic ancestry]
  2540 | D:4      | Reached XP level 7. HP: 41/52 MP: 5/7
  2744 | D:4      | Found a transporter.
  2812 | D:4      | Noticed javelincjr's ghost (amateur DsWr)
  3028 | D:4      | Reached skill level 7 in Short Blades
  3241 | D:4      | Killed javelincjr's ghost
  3348 | D:5      | Entered Level 5 of the Dungeon
  3356 | D:5      | Reached skill level 8 in Short Blades
  3356 | D:5      | Reached XP level 8. HP: 58/58 MP: 8/8
  3407 | D:5      | Noticed Ijyb
  3416 | D:5      | Killed Ijyb
  3590 | D:5      | Found The Oracle's Delphic Readings.
  3867 | D:5      | Found a burning altar of Makhleb.
  3915 | D:5      | Noticed Eustachio
  3943 | D:5      | Killed Eustachio
  3944 | D:5      | Reached skill level 9 in Short Blades
  4139 | D:5      | Reached *** piety under Cheibriados
  4279 | D:5      | Found a bloodstained altar of Trog.
  4371 | D:6      | Found a shadowy altar of Dithmenos.
  4675 | D:6      | You fall into a shaft and drop 2 floors!
  4726 | D:8      | Found a staircase to the Lair.
  4743 | D:8      | Reached skill level 10 in Short Blades
  4916 | D:8      | Gained mutation: You have a pair of antennae on your head.
                  | [demonic ancestry]
  4916 | D:8      | Reached XP level 9. HP: 9/63 MP: 3/9
  4922 | D:8      | HP: 2/63 [orc warrior/+0 mace (8)]
  5141 | D:7      | Reached **** piety under Cheibriados
  5145 | D:7      | Reached skill level 11 in Short Blades
  5259 | D:7      | Reached skill level 1 in Armour
  5616 | D:6      | Found a runed translucent door.
  5618 | D:6      | Found a runed translucent door.
  5850 | D:6      | Found a basalt altar of Yredelemnul.
  6107 | D:7      | Noticed Pikel
  6122 | D:7      | Killed Pikel
  6123 | D:7      | Reached skill level 5 in Armour
  6346 | D:7      | Reached ***** piety under Cheibriados
  6582 | D:7      | Gained mutation: You have a pair of large antennae on your
                  | head. (SInv) [demonic ancestry]
  6582 | D:7      | Reached XP level 10. HP: 56/70 MP: 8/10
  6900 | D:8      | Reached skill level 5 in Dodging
  7001 | D:8      | Found a broken altar of Ashenzari.
  7032 | D:8      | Found a radiant altar of Vehumet.
  7069 | D:8      | Found an opulent altar of Gozag.
  7071 | D:8      | Found a shimmering blue altar of Sif Muna.
  7072 | D:8      | Found a hazy altar of Hepliaklqana.
  7505 | D:9      | Found Mid Ommo's Armour Shop.
  7589 | D:9      | HP: 3/70 [orc warrior/+2 scimitar of holy wrath (4)]
  7589 | D:9      | Mangled by an orc warrior

Illustrated notes

Levels and vault maps discovered:
D:1:      lemuel_arrival_broad_hall, layout_basic
D:2:      layout_basic, grunt_ministairs_14, uniq_jessica, uniq_sigmund
D:3:      layout_rooms, nicolae_wu_jian_wuxing_cycle, minmay_misc_feat_rows,
          kennysheep_generic_room_9
D:4:      layout_basic, nicolae_overflow_hidden_temple,
          minmay_temple_entry_large_hall, gammafunk_ghost_mausoleum
D:5:      layout_gridville, mainiacjoe_overflow_alcove_2, bloody_makhleb,
          nicolae_nh_oracle_at_delphi, uniq_ijyb, uniq_eustachio
D:6:      lemuel_insect_pit, layout_cave_pools, nicolae_dithmenos_shadow_blocks,
          lemuel_coloured_pillars_altar, abandoned_shop,
          dreamdust_princess_corridor
D:7:      layout_gridville, minmay_fractal_squares_5, uniq_pikel
D:8:      layout_cave_pools, vehumet_statue, minitemple
D:9:      layout_loops_ring, david_orc_5, serial_shops, nicolae_take_the_stairs
Temple:   nicolae_temple_ecumenical_triangle

Skill      XL: |  1  2  3  4  5  6  7  8  9 10 |
---------------+-------------------------------+-----
Unarmed Combat | 3 |  3.8
Short Blades   | 2 4 6 8 10 11 | 11.2
Armour         | 5 |  5.0
Dodging        | 4 6 |  6.0
Invocations    | 4 |  4.3
Fighting       | |  3.0

Action                     |  1- 3 |  4- 6 |  7- 9 | 10-12 || total
---------------------------+-------+-------+-------+-------++-------
  Melee: Unarmed           |    58 |       |       |       ||    58
         Dagger            |    16 |   154 |   350 |   138 ||   658
    Use: Scroll            |       |       |    12 |       ||    12
         Potion            |       |       |     2 |     6 ||     8
   Stab: Distracted        |       |       |     2 |     1 ||     3
 Armour: Robe              |    25 |       |       |       ||    25
         Ring mail         |     8 |    70 |   218 |    50 ||   346
  Dodge: Dodged            |    35 |    67 |   208 |    90 ||   400

Table legend: (Time is in decaauts)
 A = Elapsed time spent in this place.
 B = Non-inter-level travel time spent in this place.
 C = Inter-level travel time spent in this place.
 D = Time resting spent in this place.
 E = Time spent auto-exploring this place.
 F = Levels seen in this place.
 G = Mean time per level.
                   A        B        C        D        E       F      G
               +--------+--------+--------+--------+--------+-----+--------+
         Total |   9235 |   8841 |    394 |    574 |   7046 |  10 |  923.5 |
       Dungeon |   9172 |   8836 |    336 |    574 |   7046 |   9 | 1019.1 |
        Temple |     62 |      4 |     58 |      0 |      0 |   1 |   62.0 |
               +--------+--------+--------+--------+--------+-----+--------+

Top non-repeatable levels by time:
     D:7: 1503 daAuts
     D:6: 1310 daAuts
     D:5: 1303 daAuts
     D:4: 1294 daAuts
     D:8: 1198 daAuts
     D:2: 967 daAuts
     D:1: 645 daAuts
     D:3: 632 daAuts
     D:9: 315 daAuts
  Temple: 62 daAuts
